 Dungeon Crawl Stone Soup version 0.32-a0-576-g706899e69d (webtiles) character file.

Game seed: 47554995764027789

131 CougarLife the Digger (level 5, 28/28 HPs)
             Began as a Gargoyle Earth Elementalist on Mar 1, 2024.
             Was a Follower of Trog.
             Quit the game on level 3 of the Dungeon.
             The game lasted 00:02:27 (2072 turns).

CougarLife the Digger (Gargoyle Earth Elementalist) Turns: 2072, Time: 00:02:27

Health: 28/28      AC:  7    Str: 12    XL:     5   Next: 14%
Magic:  9/9        EV: 11    Int: 17    God:    Trog [*.....]
Gold:   121        SH:  0    Dex: 10    Spells: 9/10 levels left

rFire   . . .        n - +2 dagger (elec)
rCold   . . .        (no shield)
rNeg    + . .        a - +0 robe
rPois   ∞            (no helmet)
rElec   +            i - +0 cloak
rCorr   .            (no gloves)
SInv    .            (no boots)
Will    .....        (no amulet)
Stlth   ++           (no ring)
HPRegen 0.24/turn    (no ring)
MPRegen 0.11/turn

%: no passive effects
@: no status effects
A: sickness immunity, AC +4, negative energy resistance 1, electricity
resistance, torment resistance 1, petrification resistance
a: Renounce Religion, Berserk


You were on level 3 of the Dungeon.
You worshipped Trog.
Trog was aware of your devotion.
You visited 1 branch of the dungeon, and saw 3 of its levels.

You collected 121 gold pieces.

Inventory:

Hand Weapons
 n - a +2 dagger of electrocution (weapon)
Armour
 a - a +0 robe (worn)
 i - a +0 cloak (worn)
Jewellery
 o - an amulet of faith
Scrolls
 e - 2 scrolls of identify {unknown}
 j - a scroll of blinking {unknown}
 k - 4 scrolls of immolation {unknown}
 l - a scroll of fear {unknown}
 m - 2 scrolls of teleportation {unknown}
Potions
 b - a potion of magic
 c - a potion of enlightenment {unknown}
 d - a potion of ambrosia {unknown}
 f - a potion of mutation {unknown}
 g - a potion of curing {unknown}
 h - 2 potions of heal wounds {unknown}


   Skills:
 - Level 1.5 Dodging
 - Level 2.1 Stealth
 - Level 3.2 Spellcasting
 - Level 3.0 Conjurations
 - Level 4.9 Earth Magic


You had 9 spell levels left.
You knew the following spells:

 Your Spells              Type           Power      Damage    Failure   Level
a - Sandblast             Erth           38%        2d10      2%          1

Your spell library contained the following spells:

 Spells                   Type           Power      Damage    Failure   Level
 Passwall                 Erth           19%        N/A       7%          3
 Stone Arrow              Conj/Erth      32%        3d9       10%         3
 Brom's Barrelling Bould  Conj/Erth      16%        2d4       32%         4
 Petrify                  Alch/Erth      11%        N/A       52%         4


Dungeon Overview and Level Annotations

Branches:
Dungeon (3/15)

Altars:
Trog


Innate Abilities, Weirdness & Mutations

You are immune to sickness and miasma.
Your stone body is resilient. (AC +4)
You are immune to poison.
You resist negative energy. (rN+)
You are resistant to electric shocks. (rElec)
You are resistant to unholy torment.
You are immune to petrification.


Message History

Search for what [Enter for "armor", or ? for help]? altar Can't find anything matching that.
You can't go down here!
There is an escape hatch in the floor here.
An adder is nearby!
You can't go down here!
The blast of sand hits the adder.
The adder is moderately wounded.
You miscast Sandblast.
You are very lightly contaminated with residual magic.
Nothing appears to happen.
You hit the adder.
The adder is moderately wounded.
The adder barely misses you.
The blast of sand misses the adder.
The adder bites you but does no damage. x2
The blast of sand hits the adder!
You kill the adder!
You can't see any susceptible monsters within range! (Use Z to cast anyway.)
Your magical contamination has completely faded away.
There is a stone staircase leading down here.
You climb downwards.
The goblin shouts!
Found 13 stones.
Found a faded altar of an unknown god.
Found a stone staircase leading down.
There is a stone staircase leading up here.
A goblin is nearby!
A goblin is nearby!
Found a scale mail.
The blast of sand hits the goblin!
You kill the goblin!
Found a smoky golden potion.
You start resting.
Magic restored.
Found a robe.
There is a faded altar of an unknown god here.
This altar belongs to (a) Vehumet, (b) Ru or (c) Trog, but you can't tell which.
Press the corresponding letter to learn more about a god, or press enter to convert or escape to cancel.
Trog accepts your prayer! Trog welcomes you!
You can now go berserk at will.
Are you sure you want to abandon this character and quit the game? (Confirm with "yes".)

.. .. . ...##
[. ####...##
...#.......#
......#...##
#..#.#...#
#.@.#..####
#!.#.#..>...#
#...#)....(.#
#[.....(..<.#
###.........#
###.......#
#######..#
#... ####


There were no monsters in sight!

Vanquished Creatures
  3 gnolls
  6 adders (D:2)
  A ribbon worm (D:2)
  3 endoplasms
  A giant cockroach (D:2)
  4 goblins
  9 hobgoblins
  6 jackals (D:1)
  A quokka (D:1)
  2 ball pythons
  4 frilled lizards
  3 kobolds
  4 rats
47 creatures vanquished.

Notes
Turn   | Place    | Note
-------+----------+-------------------------------------------
     0 | D:1      | CougarLife the Gargoyle Earth Elementalist began the quest
                  | for the Orb.
     0 | D:1      | Reached XP level 1. HP: 10/10 MP: 3/3
   124 | D:1      | Reached XP level 2. HP: 15/15 MP: 0/5
   396 | D:1      | Reached skill level 4 in Earth Magic
   430 | D:1      | Reached XP level 3. HP: 12/19 MP: 0/6
   936 | D:2      | Reached XP level 4. HP: 18/24 MP: 4/8
  1500 | D:2      | Reached XP level 5. HP: 28/28 MP: 6/9
  2051 | D:3      | Found a faded altar of an unknown god.
  2071 | D:3      | Prayed at the altar of an unknown god.
  2071 | D:3      | Became a worshipper of Trog the Wrathful
  2071 | D:3      | Reached * piety under Trog
  2072 | D:3      | Quit the game

Illustrated notes

Levels and vault maps discovered:
D:1:      lemuel_arrival_broad_hall, layout_loops_ring
D:2:      layout_basic, minmay_tetromino_o4
D:3:      layout_rooms, chequers_ecumenical_altar_simple_redux,
          kennysheep_generic_room_15

Skill      XL: |  1  2  3  4 |
---------------+-------------+-----
Earth Magic    | 4 |  4.9
Conjurations   | 2 3 |  3.0
Spellcasting   | 3 |  3.2
Dodging        | |  1.5
Stealth        | |  2.1

Action                     |  1- 3 |  4- 6 || total
---------------------------+-------+-------++-------
  Melee: Dagger            |    16 |     8 ||    24
         Unarmed           |     3 |       ||     3
   Cast: Sandblast         |    33 |    38 ||    71
 Armour: Robe              |    19 |    17 ||    36
  Dodge: Dodged            |    25 |    13 ||    38

Table legend: (Time is in decaauts)
 A = Elapsed time spent in this place.
 B = Non-inter-level travel time spent in this place.
 C = Inter-level travel time spent in this place.
 D = Time resting spent in this place.
 E = Time spent auto-exploring this place.
 F = Levels seen in this place.
 G = Mean time per level.
                   A        B        C        D        E       F      G
               +--------+--------+--------+--------+--------+-----+--------+
         Total |   2107 |   2038 |     69 |     48 |   1699 |   3 |  702.3 |
       Dungeon |   2107 |   2038 |     69 |     48 |   1699 |   3 |  702.3 |
               +--------+--------+--------+--------+--------+-----+--------+

Top non-repeatable levels by time:
     D:2: 1154 daAuts
     D:1: 931 daAuts
     D:3: 21 daAuts
